 Dungeon Crawl Stone Soup version 0.25-a0-842-g81a31cfd23 (webtiles) character file.

Game seed: 13135439838139821055, levelgen mode: deterministic

23091 wvc the Spear-Bearer (level 12, -1/101 HPs)
             Began as a Centaur Wanderer on Apr 24, 2020.
             Was a High Priest of Okawaru.
             Splashed with acid (7 damage)
             ... on level 5 of the Lair of Beasts.
             The game lasted 00:46:01 (21161 turns).

wvc the Spear-Bearer (Centaur Wanderer)            Turns: 21161, Time: 00:46:02

Health: -1/101     AC: 12    Str: 22    XL:     12   Next: 68%
Magic:  14/14      EV:  9    Int: 16    God:    Okawaru [*****.]
Gold:   416        SH: 13    Dex: 14    Spells: 14/14 levels left

rFire    . . .     SeeInvis +   u - +0 trident (freeze)
rCold    . . .     Gourm    .   n - +2 kite shield
rNeg     + + .     Faith    .   G - +1 ring mail of Royalty {rN++ Int+4}
rPois    +         Spirit   .   j - +0 helmet (curse)
rElec    .         Reflect  .   P - scarf {cloud immunity}
rCorr    .         Harm     .   B - +2 pair of gloves {Str+3}
MR       .....                  (no barding)
Stlth    +.........             D - amulet of rage
HPRegen  0.26/turn              K - ring of poison resistance
MPRegen  0.14/turn              A - ring of Jealousy {Str+5 SInv}

@: very quick
A: large, hooves 3, deformed body, speed 2, tough skin 3
a: Heroism, Finesse, Renounce Religion, Evoke Berserk Rage


You were on level 5 of the Lair of Beasts.
You worshipped Okawaru.
Okawaru was extremely pleased with you.
You were not hungry.

You visited 3 branches of the dungeon, and saw 17 of its levels.
You also visited: Bailey.

You collected 833 gold pieces.
You spent 417 gold pieces at shops.

Inventory:

Hand Weapons
 u - a +0 trident of freezing (weapon)
 V - the +8 whip "Snakebite" {curare, rPois}
   (You found it on level 4 of the Lair of Beasts)

   It poisons the flesh of those it strikes.
   It protects you from poison.
Missiles
 a - 68 poisoned darts (quivered)
 x - 26 boomerangs
 L - a datura-tipped dart
 R - 11 javelins
 T - 7 silver javelins
Armour
 j - a cursed +0 helmet (worn)
 n - a +2 kite shield (worn)
 B - a +2 pair of gloves of strength (worn)
 E - +0 swamp dragon scales
 G - the +1 ring mail of Royalty (worn) {rN++ Int+4}
   (You found it on level 10 of the Dungeon)

   It affects your intelligence (+4).
   It greatly protects you from negative energy.
 P - a scarf of cloud immunity (worn)
Magical Staves
 w - a cursed staff of cold {unknown}
Jewellery
 c - a +6 ring of intelligence
 o - a +3 ring of protection
 s - an uncursed ring of ice
 t - a +3 ring of slaying
 A - the ring of Jealousy (right hand) {Str+5 SInv}
   (You found it on level 5 of the Dungeon)

   [ring of see invisible]

   It affects your strength (+5).
   It lets you see invisible.
 D - an amulet of rage (around neck)
 J - an uncursed ring of see invisible
 K - a ring of poison resistance (left hand)
 X - a +1 ring of evasion {unknown}
Wands
 g - a wand of iceblast (15)
 M - a wand of polymorph (5)
Scrolls
 b - 2 scrolls of blinking
 i - 4 scrolls of enchant armour
 m - 2 scrolls of fear
 r - 8 scrolls of teleportation
 y - 8 scrolls of remove curse
 C - 2 scrolls of immolation
 F - 2 scrolls of magic mapping
 I - 4 scrolls of holy word
 N - 3 scrolls of fog
 Q - 2 scrolls of amnesia
 U - a scroll of brand weapon
 W - a scroll of enchant weapon
 Y - a scroll of identify
Potions
 d - 4 potions of curing
 e - 2 potions of invisibility
 h - a potion of flight
 k - a potion of resistance
 l - 2 potions of stabbing
 p - 3 potions of lignification
 q - 4 potions of might
 v - 2 potions of mutation
 z - 2 potions of haste
 H - 2 potions of brilliance
 O - a potion of magic
 S - a potion of cancellation {unknown}
Comestibles
 f - 19 rations


   Skills:
 * Level 7.9 Fighting
   Level 1.2 Short Blades
 - Level 14.0 Polearms
 - Level 1.1 Throwing
 + Level 4.8 Armour
 + Level 2.7 Dodging
 - Level 1.0 Stealth
 + Level 7.3 Shields
 - Level 1.5 Spellcasting
   Level 1.0 Transmutations
   Level 1.0 Ice Magic
   Level 3.2 Poison Magic


You had 14 spell levels left.
You didn't know any spells.
Your spell library contained the following spells:

 Spells                   Type           Power        Failure   Level  Hunger
 Sting                    Tmut/Pois      #...         21%         1    ##.....
 Animate Skeleton         Necr           N/A          43%         1    ##.....
 Apportation              Tloc           #.....       43%         1    ##.....
 Corona                   Hex            #......      43%         1    ##.....
 Magic Dart               Conj           #...         43%         1    ##.....
 Summon Small Mammal      Summ           #...         43%         1    ##.....
 Mephitic Cloud           Conj/Pois/Air  #.......     67%         3    ####...
 Stone Arrow              Conj/Erth      #.....       82%         3    ####...
 Bolt of Magma            Conj/Fire/Erth #.........   100%        5    ######.
 Iskenderun's Battlesphe  Conj/Chrm      #.......     100%        5    ######.
 Iron Shot                Conj/Erth      #.........   100%        6    #######
 Orb of Destruction       Conj           #.........   100%        7    #######
 Spellforged Servitor     Conj/Summ      #.........   100%        7    #######


Dungeon Overview and Level Annotations

Branches:
Dungeon (11/15)            Temple (1/1) D:5            Lair (5/6) D:10
  Swamp (0/4) Lair:3        Snake (0/4) Lair:2        Slime (0/5) Lair:5
    Orc (0/2) D:9          Bailey (visited)

Altars:
Ashenzari
Cheibriados
Dithmenos
Elyvilon
Fedhas
Gozag
Hepliaklqana
Kikubaaqudgha
Makhleb
Nemelex Xobeh
Okawaru
Qazlal
Ru
Sif Muna
Trog
Uskayaw
Vehumet
Wu Jian
Xom
Yredelemnul
Zin
The Shining One
Beogh

Shops:
D:9 =   D:10 *

Annotations:
D:4 3 runed translucent doors, wintastic's ghost, novice HaHu
Lair:1 1 runed translucent door, Venturno's ghost, journeyman DEWz
Lair:2 3 runed translucent doors, Bed Alyh's ghost, journeyman KoAs


Innate Abilities, Weirdness & Mutations

You have hooves in place of feet.
Armour fits poorly on your strangely shaped body.
You cover ground very quickly.
You have extremely tough skin. (AC +3)


Message History

f - 18 rations (gained 1)
Found 20 arrows.
X - a glowing wooden ring
f - 19 rations (gained 1)
You are splashed with acid!
You are splashed with acid!
You are splashed with acid!
You see here a scroll of identify.
You are splashed with acid!
You are splashed with acid.
You are splashed with acid.
You are splashed with acid!
You are splashed with acid!
* * * LOW HITPOINT WARNING * * *
You see here a scroll of identify.
Y - a scroll of identify You are splashed with acid!!
* * * LOW HITPOINT WARNING * * *
You are splashed with acid!
You die...

.## ..# ... #. #### ###..##...
..###.#.## #.........
P......#.####.........#...
.(.................#.##...###
.....#..............# .....##
....................# ..#..##
............#.@....## ###....#
..........#...#.....# #P......
#...>...............####.......
###......#..>..#....#..........
#P........................#...
##...........#...........##..#
#.P.......#..........#..#####
###...............P#P#### #.
##..............#### ##


There were no monsters in sight!

Vanquished Creatures
  4 hydras
  Fannar (Lair:3)
  3 black mambas
  A rime drake (Lair:2)
  A gargoyle (D:10)
  10 spiny frogs
  3 komodo dragons
  A yaktaur (D:9)
  2 polar bears
  5 hippogriffs
  6 dream sheep (Lair:4)
  A blink frog (Lair:4)
  3 wyverns
  A spriggan (D:10)
  Eustachio (D:5)
  10 yaks
  3 basilisks
  A steam dragon (D:10)
  2 nagas (Lair:2)
  18 water moccasins
  8 porcupines
  3 orc warriors
  2 sky beasts
  An ice beast (D:5)
  A necrophage (D:10)
  An ogre (D:9)
  A phantom (D:10)
  5 centaurs
  5 wolves (Lair:2)
  A big kobold (D:9)
  9 crocodiles
  A wyvern zombie (D:7)
  12 bullfrogs
  A wyvern skeleton (D:10)
  8 scorpions
  6 killer bees
  4 howler monkeys
  10 wights
  6 crimson imps
  A centaur zombie (D:5)
  A quasit (D:5)
  7 orc priests
  2 hounds
  6 jellies
  9 orc wizards
  5 iguanas
  7 worker ants
  3 hound skeletons
  A worker ant zombie (D:10)
  3 gnolls (D:2)
  3 howler monkey skeletons
  17 adders
  A shadow imp (D:10)
  A white imp (D:4)
  4 oozes
  2 adder skeletons
  3 worms
  2 dart slugs
  8 leopard geckos
  26 orcs
  10 giant cockroaches
  8 goblins
  6 hobgoblins
  12 jackals
  7 kobolds
  7 quokkas
  3 ball pythons
  8 bats
  5 frilled lizards
  2 goblin skeletons (D:4)
  A goblin zombie (D:4)
  2 hobgoblin zombies (D:4)
  2 kobold skeletons (D:4)
  4 kobold zombies (D:4)
  11 rats
  A fungus (D:6)
363 creatures vanquished.

Vanquished Creatures (others)
  A bush (Lair:4)
  15 fungi
  4 plants
20 creatures vanquished.

Grand Total: 383 creatures vanquished

Notes
Turn   | Place    | Note
-------+----------+-------------------------------------------
     0 | D:1      | wvc the Centaur Wanderer began the quest for the Orb.
     0 | D:1      | wvc set off with the following items: a +2 dagger, a scroll
                  | of blinking, a +0 robe, a ration; and the following spells
                  | available to memorise: Sting, Magic Dart, Mephitic Cloud,
                  | Stone Arrow
     0 | D:1      | Reached XP level 1. HP: 14/14 MP: 3/3
    92 | D:1      | Reached skill level 1 in Short Blades
   259 | D:1      | Reached XP level 2. HP: 20/20 MP: 4/4
   283 | D:1      | Reached skill level 1 in Polearms
   872 | D:1      | Reached XP level 3. HP: 20/26 MP: 5/5
  1051 | D:1      | Reached skill level 2 in Polearms
  2038 | D:2      | Reached skill level 3 in Polearms
  2038 | D:2      | Reached XP level 4. HP: 29/33 MP: 6/6
  2557 | D:3      | Reached XP level 5. HP: 35/38 MP: 7/7
  2585 | D:3      | Reached skill level 4 in Polearms
  3376 | D:4      | Found a glowing golden altar of the Shining One.
  3465 | D:4      | Found a runed translucent gate.
  3465 | D:4      | Found a runed translucent gate.
  3465 | D:4      | Found a runed translucent gate.
  3757 | D:4      | Reached skill level 5 in Polearms
  3819 | D:4      | Reached XP level 6. HP: 28/45 MP: 8/8
  4147 | D:4      | Noticed wintastic's ghost (novice HaHu)
  4411 | D:5      | Entered Level 5 of the Dungeon
  4459 | D:5      | Found a shimmering altar of Xom.
  4519 | D:5      | Found a staircase to the Ecumenical Temple.
  4530 | Temple   | Entered the Ecumenical Temple
  4627 | Temple   | Became a worshipper of Warmaster Okawaru
  4727 | D:5      | Reached skill level 6 in Polearms
  4911 | D:5      | Noticed an ice beast
  4949 | D:5      | Killed an ice beast
  4949 | D:5      | Reached XP level 7. HP: 43/50 MP: 9/9
  5019 | D:5      | Reached * piety under Okawaru
  5025 | D:5      | Reached skill level 7 in Polearms
  5045 | D:5      | Found a snail-covered altar of Cheibriados.
  5090 | D:5      | Got a warped turquoise ring
  5091 | D:5      | Identified the ring of Jealousy {Str+5 SInv} (You found it
                  | on level 5 of the Dungeon)
  5665 | D:6      | Noticed Eustachio
  5691 | D:5      | Killed Eustachio
  5691 | D:5      | Reached skill level 8 in Polearms
  5815 | D:6      | Reached XP level 8. HP: 57/57 MP: 10/10
  5988 | D:6      | Reached ** piety under Okawaru
  6100 | D:6      | Reached skill level 9 in Polearms
  6560 | D:6      | Reached skill level 1 in Shields
  6679 | D:7      | Reached skill level 10 in Polearms
  6704 | D:7      | Reached XP level 9. HP: 41/62 MP: 11/11
  7003 | D:7      | Reached *** piety under Okawaru
  7042 | D:7      | Got a steaming ring mail
  7053 | D:7      | Identified the +2 ring mail of Darkness {Int+2} (You found
                  | it on level 7 of the Dungeon)
  8406 | D:8      | Reached skill level 11 in Polearms
  9571 | D:9      | Found a staircase to the Orcish Mines.
  9602 | D:9      | Reached **** piety under Okawaru
  9623 | D:9      | Reached XP level 10. HP: 47/69 MP: 12/12
  9794 | D:9      | Found a roughly hewn altar of Beogh.
  9911 | D:9      | Found Hiowosut's Jewellery Emporium.
  9998 | D:9      | Noticed Maggie
 10000 | D:9      | Noticed Maggie
 10000 | D:9      | Maggie changed into Maggie the yaktaur
 10035 | D:9      | Killed Maggie the yaktaur
 10035 | D:9      | Reached skill level 12 in Polearms
 10249 | D:10     | Entered Level 10 of the Dungeon
 10266 | D:10     | Found Tiemic's Assorted Antiques.
 10272 | D:10     | Bought a pair of embroidered gloves for 217 gold pieces
 10272 | D:10     | Bought a scroll of teleportation for 87 gold pieces
 10272 | D:10     | Bought a potion of curing for 87 gold pieces
 10272 | D:10     | Bought a bubbling cyan potion for 26 gold pieces
 10328 | D:10     | Found a flagged portal.
 10341 | Bailey   | Entered a bailey
 10728 | D:10     | Got a scorched ring mail
 10739 | D:10     | Identified the +1 ring mail of Royalty {rN++ Int+4} (You
                  | found it on level 10 of the Dungeon)
 10819 | D:10     | Found a staircase to the Lair.
 10835 | D:10     | Noticed a gargoyle
 10857 | D:10     | Killed a gargoyle
 11090 | D:10     | Got a wizard robe
 11670 | D:11     | Reached skill level 13 in Polearms
 11672 | D:11     | Noticed a purple ugly thing
 11718 | Lair:1   | Entered Level 1 of the Lair of Beasts
 11723 | Lair:1   | Reached ***** piety under Okawaru
 11790 | Lair:1   | Noticed a spiny frog
 11880 | Lair:1   | Killed a spiny frog
 12123 | Lair:1   | Noticed a spiny frog
 12139 | Lair:1   | Killed a spiny frog
 12580 | Lair:1   | Noticed a spiny frog
 12587 | Lair:1   | Killed a spiny frog
 12587 | Lair:1   | Reached skill level 5 in Shields
 12705 | Lair:1   | Reached XP level 11. HP: 52/74 MP: 13/13
 12829 | Lair:1   | Found a runed translucent door.
 12830 | Lair:1   | Noticed Venturno's ghost (journeyman DEWz)
 13338 | Lair:2   | Noticed a four-headed hydra
 13732 | Lair:2   | Noticed a seven-headed hydra
 13744 | Lair:2   | Received a gift from Okawaru
 13917 | Lair:2   | Killed a four-headed hydra
 13917 | Lair:2   | Reached skill level 14 in Polearms
 14195 | Lair:2   | Reached skill level 1 in Fighting
 14419 | Lair:2   | Reached skill level 1 in Armour
 14754 | Lair:2   | Received a gift from Okawaru
 15219 | Lair:2   | Noticed Bed Alyh's ghost (journeyman KoAs)
 15228 | Lair:2   | Found a runed translucent gate.
 15228 | Lair:2   | Found a runed translucent gate.
 15229 | Lair:2   | Found a runed translucent gate.
 15291 | Lair:2   | Found a staircase to the Snake Pit.
 15328 | Lair:2   | Reached skill level 1 in Dodging
 16311 | Lair:3   | Received a gift from Okawaru
 16385 | Lair:3   | Found a staircase to the Swamp.
 16385 | Lair:3   | Noticed a seven-headed hydra
 16604 | Lair:3   | Killed a seven-headed hydra
 16612 | Lair:3   | Noticed an eight-headed hydra
 16626 | Lair:3   | HP: 4/85 [eight-headed hydra (7)]
 17324 | Lair:3   | Killed an eight-headed hydra
 17324 | Lair:3   | Received a gift from Okawaru
 17324 | Lair:3   | Reached XP level 12. HP: 39/93 MP: 14/14
 17712 | Lair:3   | Noticed Fannar
 17728 | Lair:3   | Reached skill level 5 in Fighting
 17749 | Lair:3   | HP: 1/94 [ice beast[Fannar] (10)]
 17755 | Lair:3   | HP: 4/94 [ice beast[Fannar] (11)]
 17760 | Lair:3   | Killed Fannar
 18886 | Lair:4   | Noticed a six-headed hydra
 18902 | Lair:4   | Killed a six-headed hydra
 20118 | Lair:4   | Found the +8 whip "Snakebite" {curare, rPois}
 21069 | Lair:5   | Found a staircase to the Slime Pits.
 21161 | Lair:5   | Splashed with acid

Levels and vault maps discovered:
D:1:      co_arrival_square_in_a_square_in_a_square, layout_basic
D:2:      layout_basic
D:3:      layout_loops_ring, minmay_misc_feat_cross,
          chequers_serial_rivers_large_a, lemuel_flame_loot_1
D:4:      layout_basic, gammafunk_ghost_split, nicolae_tso_besieged_by_evil
D:5:      layout_cave_pods, kennysheep_little_box, minmay_temple_entry_arrows,
          first_ration, xom_teletrap_fun
D:6:      old_forge, layout_basic, uniq_eustachio
D:7:      layout_rooms
D:8:      layout_gridville
D:9:      layout_loops_ring, minmay_orc_entry_temple_small, serial_shops, shop,
          uniq_maggie
D:10:     layout_roguey, lair_entry_dummy, enter_bailey_2, serial_shops,
          shop_fountains, grunt_pizzeria
D:11:     minmay_weird_star, layout_basic
Temple:   grunt_wide_crystal_templ
Lair:1:   layout_hall_layers, gammafunk_ghost_grave
Lair:2:   layout_regular_city, guppyfry_snake_entry_island,
          gammafunk_ghost_split, lemuel_fruit_tree, serial_bayou_shore_b
Lair:3:   layout_misc_corridors, minmay_swamp_entry_reptiles,
          cheibrodos_lair_reptile_den, grunt_megastairs_4, uniq_fannar
Lair:4:   minmay_guarded_unrand_snakebite, layout_regular_city,
          serial_bayou_shore_a, serial_bayou_shore_b
Lair:5:   layout_misc_corridors, nicolae_slime_entry_slimehenge, st_stairs_3,
          patterned_corridor

Skill      XL: |  1  2  3  4  5  6  7  8  9 10 11 12 |
---------------+-------------------------------------+-----
Short Blades   | 1 |  1.2
Polearms       | 1 3 5 6 8 10 11 13 14 | 14.0
Shields        | 1 3 5 6 7 |  7.3
Fighting       | 4 7 |  7.9
Armour         | 3 4 |  4.8
Dodging        | 1 2 |  2.7
Throwing       | |  1.1
Stealth        | |  1.0
Spellcasting   | |  1.5
Transmutations | |  1.0
Ice Magic      | |  1.0
Poison Magic   | |  3.2

Action                   |  1- 3 |  4- 6 |  7- 9 | 10-12 || total
-------------------------+-------+-------+-------+-------++-------
Melee: Dagger            |    20 |       |       |       ||    20
       Spear             |    75 |   339 |    13 |       ||   427
       Kick              |    34 |    63 |    88 |   271 ||   456
       Short sword       |    72 |    33 |       |       ||   105
       Trident           |       |       |   394 |   840 ||  1234
       Unarmed           |       |       |       |     2 ||     2
       Whip              |       |       |       |    35 ||    35
Throw: Dart              |       |     1 |    21 |    20 ||    42
Invok: Heroism           |       |       |     4 |    13 ||    17
Evoke: Wand              |       |       |       |    20 ||    20
  Use: Scroll            |     5 |     7 |    11 |    12 ||    35
       Potion            |       |     3 |     2 |     6 ||    11
 Stab: Invisible         |       |     3 |     3 |     7 ||    13
  Eat: Chunk             |     2 |     6 |     2 |     8 ||    18
       Ration            |       |     1 |     3 |     8 ||    12
Armor: Ring mail         |    93 |    23 |    28 |   187 ||   331
       Robe              |     6 |       |       |       ||     6
       Chain mail        |       |   174 |   187 |       ||   361
       Swamp dragon scal |       |       |       |     6 ||     6
Dodge: Dodged            |    58 |    51 |    64 |   159 ||   332
Block: Kite shield       |       |       |   107 |   316 ||   423

Table legend:
 A = Non-vault XP
 B = Vault XP
 C = Vault XP percentage of total XP
 D = Non-vault monster count
 E = Vault monster count
 F = Vault count percentage of total count
                 A         B        C        D         E       F
            +---------+---------+-------+---------+---------+-------
      Total |   25765 |    7223 |  21.9 |     293 |      69 |  19.1
            +---------+---------+-------+---------+---------+-------
        D:1 |      49 |       0 |   0.0 |      29 |       0 |   0.0
        D:2 |     116 |       0 |   0.0 |      26 |       0 |   0.0
        D:3 |      95 |       0 |   0.0 |      27 |       0 |   0.0
        D:4 |     135 |      21 |  13.5 |      13 |      12 |  48.0
        D:5 |     716 |     214 |  23.0 |      24 |       1 |   4.0
        D:6 |     634 |     348 |  35.4 |      15 |      13 |  46.4
        D:7 |     871 |       0 |   0.0 |      18 |       0 |   0.0
        D:8 |    1414 |       0 |   0.0 |      16 |       0 |   0.0
        D:9 |     910 |     573 |  38.6 |      18 |      11 |  37.9
       D:10 |    2096 |     215 |   9.3 |      31 |       1 |   3.1
       D:11 |     259 |       0 |   0.0 |       1 |       0 |   0.0
     Lair:1 |    2190 |       0 |   0.0 |       9 |       0 |   0.0
     Lair:2 |    5515 |     320 |   5.5 |      22 |       2 |   8.3
     Lair:3 |    4439 |    3517 |  44.2 |      19 |      15 |  44.1
     Lair:4 |    5062 |    1663 |  24.7 |      19 |       8 |  29.6
     Lair:5 |    1264 |     215 |  14.5 |       6 |       5 |  45.5
     Bailey |       0 |     137 | 100.0 |       0 |       1 | 100.0
            +---------+---------+-------+---------+---------+-------
